 Dungeon Crawl Stone Soup version 0.27.1-4-g1640c2035a (webtiles) character file.

Game seed: 14643683955235532445

351 adizb the Shield-Bearer (level 6, -8/52 HPs)
             Began as a Hill Orc Fighter on Nov 13, 2021.
             Was a Plaything of Xom.
             Mangled by an ogre (21 damage)
             ... on level 4 of the Dungeon.
             The game lasted 00:19:32 (2164 turns).

adizb the Shield-Bearer (Hill Orc Fighter)          Turns: 2164, Time: 00:19:32

Health: -8/52      AC:  8    Str: 20    XL:     6   Next: 61%
Magic:  6/6        EV:  8    Int:  8    God:    Xom [.*....]
Gold:   140        SH: 10    Dex: 11    Spells: 5/5 levels left

rFire    . . .     SeeInvis .   a - +0 war axe
rCold    . . .     Faith    .   c - +0 kite shield
rNeg     . . .     Spirit   .   j - +0 scale mail
rPois    .         Reflect  .   (no helmet)
rElec    .         Harm     .   (no cloak)
rCorr    .         Rampage  .   h - +0 pair of gloves
Will     .....                  (no boots)
Stlth    ..........             (no amulet)
HPRegen  0.17/turn              q - ring of flight
MPRegen  0.10/turn              (no ring)

@: brilliant, flying
A: no striking features
a: Renounce Religion


You were on level 4 of the Dungeon.
You worshipped Xom.
You were a plaything of Xom.
You visited 1 branch of the dungeon, and saw 4 of its levels.

You collected 140 gold pieces.

Inventory:

Hand Weapons
 a - a +0 war axe (weapon)
 k - a +2 dire flail of protection
Missiles
 f - 7 poisoned darts (quivered)
Armour
 c - a +0 kite shield (worn)
 h - a +0 pair of gloves (worn)
 j - a +0 scale mail (worn)
Jewellery
 q - a ring of flight (left hand)
Wands
 b - a wand of flame (13)
 o - a wand of iceblast (4)
Scrolls
 i - a scroll of noise
 l - a scroll of teleportation {unknown}
 n - a scroll of identify {unknown}
Potions
 d - a potion of might
 e - a potion of brilliance {unknown}
 g - a potion of haste {unknown}
 m - a potion of mutation {unknown}
 p - a potion of lignification {unknown}


   Skills:
 - Level 4.0 Fighting
 - Level 3.2 Axes
 - Level 3.6 Armour
 * Level 7.4 Shields


You had 5 spell levels left.
You didn't know any spells.
Your spell library contained the following spells:

 Spells                   Type           Power      Damage    Failure   Level
 Ensorcelled Hibernation  Hex/Ice        0%         N/A       99%         2
 Spider Form              Tmut/Pois      0%         N/A       100%        3
 Shadow Creatures         Summ           N/A        N/A       100%        6


Dungeon Overview and Level Annotations

Branches:
Dungeon (4/15)
 Temple: D:4-7

Altars:
Elyvilon
Qazlal
Vehumet
Xom
Yredelemnul

Shops:
D:3 !


Message History

Found a shiny gilded ring.
You feel a little less mighty now.
q - a ring of flight You fly up into the air.
q - a ring of flight (left hand)
You are now a plaything of Xom.
An ogre comes into view. It is wielding a +0 giant club.
The ogre shouts!
Throw: 12 darts (poison)
Press: ? - help, Q - select action, (/) - cycle Shift-Dir - straight line, f - ogre
Aim: an ogre, wielding a +0 giant club (73% to hit)
You throw a poisoned dart. The poisoned dart hits the ogre.
The ogre is poisoned.
Throw: 11 darts (poison)
Press: ? - help, Q - select action, (/) - cycle Shift-Dir - straight line, f/p - ogre
Aim: an ogre, wielding a +0 giant club (poisoned, 73% to hit)
You throw a poisoned dart. The poisoned dart hits the ogre.
Throw: 10 darts (poison)
Press: ? - help, Q - select action, (/) - cycle Shift-Dir - straight line, f/p - ogre
Aim: an ogre, wielding a +0 giant club (lightly wounded, poisoned, 73% to hit)
You throw a poisoned dart. The poisoned dart hits the ogre.
The ogre is lightly wounded.
The ogre looks more healthy.
Throw: 9 darts (poison)
Press: ? - help, Q - select action, (/) - cycle Shift-Dir - straight line, f/p - ogre
Aim: an ogre, wielding a +0 giant club (lightly wounded, 73% to hit)
You throw a poisoned dart. The poisoned dart hits the ogre.
The ogre is lightly wounded.
Throw: 8 darts (poison)
Press: ? - help, Q - select action, (/) - cycle Shift-Dir - straight line, f/p - ogre
Aim: an ogre, wielding a +0 giant club (lightly wounded, 73% to hit)
You throw a poisoned dart. The poisoned dart hits the ogre.
The ogre is poisoned.
The ogre is lightly wounded.
The ogre closely misses you.
You hit the ogre.
The ogre is moderately wounded.
The ogre hits you with a +0 giant club!!
You die...
Xom laughs nastily!

............#.#
............#.#
............#.# .#
#..........#.# .#####
##..........#.# ......
.((.....(####.##......
...#####.(............
#..(.......####
#...O@.....#
#..........#
#..........#
#..........#
#..........#
#..........#
#(.........########
#..................
#........[.#######.


You could see an ogre (poisoned).

Vanquished Creatures
  Edmund (D:4)
  A howler monkey (D:3)
  A hound (D:4)
  An orc priest (D:4)
  Natasha (D:2)
  4 adders
  13 orcs
  8 endoplasms
  4 giant cockroaches
  4 goblins
  6 hobgoblins
  2 quokkas
  2 ball pythons
  5 bats
  2 frilled lizards (D:1)
  2 kobolds
  8 rats
65 creatures vanquished.

Notes
Turn   | Place    | Note
-------+----------+-------------------------------------------
     0 | D:1      | adizb the Hill Orc Fighter began the quest for the Orb.
     0 | D:1      | Reached XP level 1. HP: 19/19 MP: 1/1
    62 | D:1      | Reached XP level 2. HP: 12/27 MP: 2/2
   283 | D:1      | Reached XP level 3. HP: 27/33 MP: 3/3
   482 | D:2      | Found a faded altar of an unknown god.
   692 | D:2      | Reached skill level 4 in Shields
   972 | D:2      | Noticed Natasha
   981 | D:2      | Killed Natasha
   982 | D:2      | Reached XP level 4. HP: 17/40 MP: 4/4
  1232 | D:2      | Reached skill level 5 in Shields
  1551 | D:3      | Found a white marble altar of Elyvilon.
  1551 | D:3      | Found a radiant altar of Vehumet.
  1562 | D:3      | Found a stormy altar of Qazlal.
  1564 | D:3      | Found a basalt altar of Yredelemnul.
  1564 | D:3      | Found a shimmering altar of Xom.
  1585 | D:3      | Became a worshipper of Xom of Chaos
  1609 | D:3      | XOM: potion effect (might)
  1612 | D:3      | Reached XP level 5. HP: 28/46 MP: 5/5
  1617 | D:3      | Found Mylyzid's Distillery.
  2024 | D:4      | Reached skill level 6 in Shields
  2077 | D:4      | Noticed Edmund
  2097 | D:4      | XOM: potion effect (curing)
  2101 | D:4      | HP: 2/46 [Edmund (11)]
  2108 | D:4      | XOM: potion effect (brilliance)
  2112 | D:4      | Killed Edmund
  2113 | D:4      | Reached skill level 7 in Shields
  2113 | D:4      | Reached XP level 6. HP: 4/52 MP: 6/6
  2164 | D:4      | Mangled by an ogre

Illustrated notes

Levels and vault maps discovered:
D:1:      psy_arrival_spokes, layout_rooms
D:2:      layout_basic, hellmonk_ecumenical_altar_inner_sanctum, uniq_natasha
D:3:      layout_basic, grunt_temple_overflow_open, serial_shops, shop
D:4:      minmay_diamond_boxcup, layout_basic, minmay_manual_mess, uniq_edmund

Skill      XL: |  1  2  3  4  5 |
---------------+----------------+-----
Axes           | 3 |  3.2
Fighting       | 4 |  4.0
Shields        | 4 5 7 |  7.4
Armour         | |  3.6

Action                   |  1- 3 |  4- 6 || total
-------------------------+-------+-------++-------
Melee: War axe           |    86 |    95 ||   181
Throw: Dart              |     3 |     6 ||     9
Evoke: Wand              |       |     6 ||     6
  Use: Scroll            |     1 |     3 ||     4
       Potion            |       |     1 ||     1
Armor: Scale mail        |    33 |    41 ||    74
Dodge: Dodged            |    24 |    19 ||    43
Block: Kite shield       |    35 |    49 ||    84
